Map: Tokamak LE

Players

HeroMarine

  • Race: Terran Terran
  • Spawn Location: 1:00

Lambo - Winner!

  • Race: Zerg Zerg
  • Spawn Location: 7:00

Event: Esports World Cup 2025

VOD

Have the link to the VOD?

Description

Time

  • Played on: July 22, 2025, 6:15 a.m.
  • Length: 11:39

All games in this series

Show
View Real Time Build Order
Export as new Build Order

HeroMarine Terran 

Build Orders: Reaper Expand, Mech 

Get SALT Encoding   

  12  0:00  SCV  
  13  0:12  SCV  
  14  0:17  Supply Depot  
  14  0:24  SCV  
  15  0:39  SCV  
  15  0:40  Barracks  
  16  0:43  Refinery  
  16  0:51  SCV  
  17  1:03  SCV  
  18  1:15  SCV  
  19  1:27  Orbital Command, Reaper  
  20  1:39  Command Center  
  20  1:46  Supply Depot  
  20  1:53  SCV  
  21  1:59  Marine  
  22  2:05  SCV  
  23  2:10  Factory  
  23  2:17  SCV  
  23  2:21  Barracks Reactor  
  24  2:29  SCV  
  25  2:37  Command Center  
  25  2:41  SCV  
  26  2:50  Orbital Command  
  26  2:53  SCV  
  27  2:59  Starport  
  27  3:03  Refinery  
  27  3:05  SCV  
  28  3:10  Hellion  
  32  3:13  Hellion  
  32  3:17  SCV x2  
  34  3:20  Barracks Tech Lab  
  34  3:29  SCV x2  
  34  3:31  Hellion  
  40  3:34  Hellion  
  40  3:38  Marine  
  41  3:41  SCV x2  
  41  3:44  Fusion Core  
  41  3:48  Refinery  
  43  3:51  Orbital Command  
  43  3:54  SCV  
  43  3:55  SCV  
  45  4:07  SCV x2  
  50  4:14  Supply Depot  
  47  4:17  Hellion  
  47  4:18  Hellion  
  47  4:19  SCV x2  
  47  4:20  SCV  
  54  4:27  Refinery  
  54  4:31  SCV  
  57  4:39  Hellion x2  
  57  4:40  Battlecruiser  
  57  4:44  Supply Depot  
  66  4:45  SCV x2  
  66  4:46  Supply Depot  
  66  4:47  SCV  
  68  4:57  Factory, SCV  
  69  5:00  Factory  
  69  5:03  Orbital Command  
  69  5:04  SCV  
  69  5:05  Supply Depot  
  68  5:09  SCV  
  69  5:14  Weapon Refit  
  69  5:16  Supply Depot, SCV  
  69  5:20  Hellion x2  
  74  5:22  SCV  
  74  5:28  SCV  
  76  5:29  SCV  
  76  5:34  SCV  
  78  5:40  SCV  
  78  5:41  SCV  
  80  5:43  Supply Depot  
  80  5:45  Battlecruiser  
  80  5:46  SCV  
  80  5:48  Factory Tech Lab x2  
  80  5:49  Hellion  
  91  5:50  Hellion  
  91  5:52  SCV  
  91  5:54  SCV  
  93  5:58  SCV  
  94  6:04  Factory  
  94  6:05  Factory  
  94  6:06  Refinery, Supply Depot  
  94  6:07  Refinery, Supply Depot  
  94  6:08  SCV x2  
  94  6:10  SCV  
  97  6:13  Cyclone  
  97  6:18  Cyclone  
  103  6:21  SCV x2  
  103  6:22  SCV  
  104  6:28  Mag-Field Accelerator  
  104  6:31  Hellion x2  
  106  6:33  SCV x2  
  106  6:34  SCV  
  101  6:42  Command Center  
  97  6:49  Siege Tank  
  97  6:50  Siege Tank  
  97  6:51  SCV x3  
  103  6:56  Engineering Bay, Factory Tech Lab  
  103  6:57  Factory Tech Lab  
  103  7:00  Factory Reactor  
  105  7:01  Hellion  
  105  7:02  Hellion  
  107  7:11  Supply Depot  
  107  7:12  Supply Depot, SCV x3  
  110  7:16  Siege Tank  
  110  7:18  Armory  
  110  7:21  Cyclone  
  119  7:22  Cyclone  
  119  7:26  SCV x3  
  122  7:31  Supply Depot  
  122  7:40  Hellion x3  
  122  7:41  Hellion  
  130  7:47  Sensor Tower  
  130  7:48  Cyclone, Missile Turret  
  133  7:53  Cyclone  
  133  7:56  SCV  
  133  7:57  SCV x2  
  139  8:00  Battlecruiser  
  139  8:05  Hellion x4  
  153  8:08  SCV  
  153  8:09  SCV x2  
  153  8:12  Refinery  
  156  8:13  Refinery, Missile Turret  
  156  8:16  Cyclone  
  156  8:18  Supply Depot  
  156  8:19  Sensor Tower  
  159  8:20  Cyclone  
  159  8:25  Cyclone  
  159  8:30  Missile Turret  
  159  8:31  Hellion  
  159  8:32  Hellion x3, Planetary Fortress  
  159  8:33  Infernal Pre-Igniter  
  155  8:35  Terran Vehicle Weapons Level 1  
  155  8:38  Missile Turret x2  
  155  8:43  Missile Turret  
  158  8:48  Cyclone  
  158  8:51  Missile Turret  
  158  8:52  Cyclone  
  158  8:53  Hellion x3  
  168  9:02  Missile Turret  
  167  9:07  Cyclone  
  170  9:12  Smart Servos  
  170  9:26  Cyclone x2  
  170  9:27  Factory  
  170  9:29  Supply Depot  
  170  9:30  Supply Depot x2, Starport Reactor  
  170  9:45  Hellion  
  164  9:47  Supply Depot  
  164  9:50  Cyclone, Factory x2, Hellion x2  
  171  9:58  Cyclone x2, Orbital Command  
  171  9:59  Hellion  
  161  10:03  SCV x2  
  161  10:07  Hellion  
  146  10:08  SCV  
  146  10:12  Hellion x2  
  119  10:15  SCV x2  
  119  10:21  Hellion  
  101  10:22  Cyclone  
  101  10:27  Cyclone  
  101  10:28  Hellion  
  107  10:30  Cyclone x2  
  107  10:33  Hellion x2  
  98  10:54  Cyclone  
  99  10:58  Factory Tech Lab x2  
  99  11:00  Cyclone  
  99  11:02  Cyclone x2  
  108  11:06  Hellbat x3  
Show
View Real Time Build Order
Export as new Build Order

Lambo Zerg - Winner!

Build Orders: Hatch First 

Get SALT Encoding   

  12  0:00  Drone  
  13  0:08  Drone  
  14  0:15  Extractor  
  14  0:16  Drone  
  15  0:22  Overlord  
  15  0:40  Drone  
  16  0:45  Hatchery  
  16  0:48  Drone  
  16  0:52  Drone  
  16  0:56  Drone  
  18  1:06  Extractor  
  18  1:10  Spawning Pool  
  16  1:14  Drone  
  16  1:18  Drone  
  18  1:26  Drone  
  19  1:37  Drone  
  20  1:48  Drone  
  21  1:57  Queen x2  
  21  1:58  Drone  
  21  1:59  Zergling x2  
  27  2:08  Zergling x2  
  28  2:09  Overlord  
  28  2:17  Hatchery  
  28  2:19  Drone  
  28  2:28  Spore Crawler  
  27  2:30  Drone x2  
  27  2:31  Drone  
  31  2:37  Queen  
  31  2:42  Overlord  
  33  2:44  Drone  
  34  2:52  Drone x2  
  36  3:01  Drone  
  36  3:03  Drone  
  36  3:04  Drone x5  
  43  3:06  Drone  
  44  3:13  Roach Warren  
  44  3:18  Queen  
  44  3:19  Extractor  
  44  3:21  Overlord  
  45  3:30  Queen  
  45  3:31  Drone  
  45  3:32  Overlord  
  48  3:38  Drone x2  
  48  3:39  Overlord  
  48  3:41  Drone  
  51  3:43  Drone  
  51  3:48  Overlord  
  52  3:50  Drone x2  
  52  3:54  Evolution Chamber  
  55  3:55  Drone x2  
  55  4:02  Extractor  
  55  4:05  Overlord  
  55  4:06  Drone x4  
  55  4:08  Drone  
  59  4:16  Roach x4  
  67  4:18  Drone  
  68  4:25  Drone x5  
  68  4:29  Lair  
  73  4:34  Spore Crawler  
  73  4:38  Drone x3  
  76  4:40  Overlord  
  76  4:43  Drone x3  
  79  4:46  Overlord  
  79  4:49  Drone x2  
  79  4:52  Drone  
  82  4:57  Extractor x2, Zerg Missile Weapons Level 1  
  82  4:58  Spore Crawler  
  82  4:59  Hatchery  
  78  5:01  Spore Crawler  
  78  5:02  Roach  
  78  5:04  Drone x2  
  78  5:06  Spore Crawler  
  80  5:10  Drone x3  
  83  5:14  Drone x3, Extractor  
  83  5:15  Extractor  
  83  5:16  Overlord  
  83  5:19  Overlord  
  84  5:23  Queen  
  84  5:25  Overlord  
  84  5:27  Overlord  
  86  5:31  Overlord  
  86  5:33  Overlord  
  86  5:35  Drone x2  
  88  5:39  Overlord  
  87  5:48  Overlord  
  87  5:49  Queen, Roach x2  
  93  5:54  Drone x5  
  98  6:02  Spire  
  98  6:04  Drone x3  
  98  6:06  Evolution Chamber  
  98  6:11  Drone x5  
  101  6:14  Drone x3  
  102  6:19  Evolution Chamber  
  102  6:23  Evolution Chamber  
  100  6:32  Drone x9  
  102  6:37  Drone x4  
  100  6:43  Drone  
  100  6:45  Drone x4  
  103  6:51  Drone x2  
  103  6:52  Glial Reconstitution, Zerg Missile Weapons Level 2  
  105  6:54  Drone x2  
  105  6:55  Drone  
  105  6:58  Extractor  
  105  7:01  Spore Crawler  
  106  7:03  Extractor  
  106  7:04  Baneling Nest  
  106  7:07  Evolution Chamber  
  106  7:08  Roach x2  
  107  7:12  Drone x3  
  107  7:14  Corruptor x2  
  107  7:15  Corruptor  
  114  7:17  Metabolic Boost  
  114  7:21  Corruptor  
  118  7:24  Corruptor  
  118  7:25  Corruptor  
  118  7:29  Overlord, Corruptor  
  121  7:34  Corruptor  
  123  7:39  Corruptor  
  123  7:42  Corruptor  
  127  7:45  Corruptor  
  127  7:50  Corruptor  
  131  7:56  Roach x4  
  131  7:57  Zergling x18  
  148  8:01  Zerg Melee Weapons Level 1  
  148  8:06  Zergling x6  
  148  8:07  Ravager  
  148  8:08  Ravager  
  148  8:12  Zergling x2, Hatchery, Roach x3  
  158  8:25  Drone x11  
  158  8:28  Roach  
  156  8:35  Overlord, Roach  
  156  8:38  Overlord  
  156  8:40  Centrifugal Hooks  
  158  8:43  Overlord  
  158  8:46  Ravager  
  158  8:48  Overlord  
  159  8:55  Zergling x16  
  167  8:56  Overlord  
  167  8:57  Overlord  
  167  8:59  Ravager x7  
  174  9:03  Ravager x2  
  174  9:04  Zergling x8  
  180  9:10  Drone x3  
  183  9:18  Zerg Flyer Weapons Level 1  
  183  9:21  Drone  
  183  9:22  Zergling x22  
  195  9:24  Infestation Pit  
  193  9:34  Zergling x2  
  193  9:35  Zergling x8  
  193  9:36  Baneling x19  
  193  9:37  Baneling x4  
  195  9:41  Zergling x10  
  189  9:45  Baneling  
  189  9:46  Baneling x8  
  189  9:47  Zergling x2  
  189  9:50  Baneling x4  
  190  9:56  Zergling x18  
  190  9:59  Zergling x6  
  165  10:09  Roach x7  
  165  10:13  Roach x3  
  165  10:16  Roach x3  
  165  10:20  Roach x3  
  163  10:22  Zergling x2  
  163  10:27  Roach x2  
  162  10:29  Roach x3  
  162  10:33  Roach x2  
  162  10:34  Roach  
  170  10:37  Roach x3  
  170  10:41  Roach x3  
  175  10:46  Zergling x12  
  180  10:50  Zergling x6  
  180  10:53  Ravager x2  
  180  10:54  Ravager x3  
  188  10:58  Zergling x8  
  188  11:00  Baneling x7  
  188  11:03  Zergling x8  
  196  11:06  Zergling x6  
  196  11:07  Baneling x3  
  199  11:16  Zergling x2  
Tags
 
Add a new tag
Caveats
  • Supply blocks, unpowered buildings, or Contaminate may cause inaccurate times.
  • Supply counts are checked every 10 seconds.